 Dungeon Crawl Stone Soup version 0.28-a0-533-g9f97627e2a (webtiles) character file.

Game seed: 8229892372040399833

126 Conn the Sneak (level 5, -3/46 HPs)
             Began as an Octopode Fire Elementalist on Sept 26, 2021.
             Was a Follower of Vehumet.
             Killed by divine providence
             ... invoked by an orc priest
              (12 damage)
             ... on level 4 of the Dungeon.
             The game lasted 00:05:31 (2901 turns).

Conn the Sneak (Octopode Fire Elementalist)         Turns: 2901, Time: 00:05:32

Health: -3/46      AC: 22    Str:  7    XL:     5   Next: 10%
Magic:  1/9        EV:  2    Int: 19    God:    Vehumet [*.....]
Gold:   150        SH:  0    Dex: 12    Spells: 8/9 levels left

rFire   + . .      SeeInvis .   d - +0 dagger
rCold   + . .      Faith    .   (no shield)
rNeg    + + +      Spirit   .   (helmet currently unavailable)
rPois   +          Reflect  .   (no amulet)
rElec   +          Harm     .   (no ring)
rCorr   +          Rampage  .   (no ring)
Will    .....      NoTele   +   (no ring)
Stlth   ++........              (no ring)
HPRegen 0.15/turn               (no ring)
MPRegen 0.11/turn               (no ring)
                                (no ring)
                                (no ring)

@: tree-form, resistant, weak-willed, attractive, hasted, very quick
A: stationary, stasis, torment immunity, boosted hp, almost no armour,
(amphibious), 8 rings, (camouflage 1), (gelatinous body 1), (nimble swimmer 1),
(tentacles)
a: Renounce Religion


You were on level 4 of the Dungeon.
You worshipped Vehumet.
Vehumet was aware of your devotion.
You were a tree.
You visited 1 branch of the dungeon, and saw 4 of its levels.

You collected 150 gold pieces.

Inventory:

Hand Weapons
 d - a +0 dagger (weapon)
Missiles
 b - a throwing net
 i - 26 poisoned darts
Scrolls
 a - a scroll of teleportation
 g - a scroll of identify
Potions
 e - 3 potions of lignification


   Skills:
 + Level 0.2 Fighting
 + Level 0.7 Short Blades
 + Level 2.8 Dodging
 + Level 4.0 Stealth
 + Level 2.7 Spellcasting
 + Level 1.5 Conjurations
 + Level 3.8 Fire Magic


You had 8 spell levels left.
You knew the following spells:

 Your Spells              Type           Power      Damage    Failure   Level
a - Foxfire               Conj/Fire      48%        2x1d6     5%          1

Your spell library contained the following spells:

 Spells                   Type           Power      Damage    Failure   Level
 Sandblast                Erth           4%         2d4       16%         1
 Scorch                   Fire           34%        2d6       4%          2
 Conjure Flame            Conj/Fire      12%        6-21      16%         3
 Inner Flame              Hex/Fire       9%         N/A       22%         3
 Stone Arrow              Conj/Erth      10%        3d7       34%         3
 Flame Wave               Conj/Fire      12%        3d4       45%         4
 Lehudib's Crystal Spear  Conj/Erth      2%         10d2      100%        8
 Animate Armour           Summ/Erth      Unusable   N/A       N/A         4

Dungeon Overview and Level Annotations

Branches:
Dungeon (4/15)
 Temple: D:4-7

Altars:
Vehumet


Innate Abilities, Weirdness & Mutations

You are a tree.
Your roots penetrate the ground, keeping you stationary.
You cannot be teleported.
You are immune to unholy pain and torment.
Your maximum health is greatly increased.
You cannot wear most types of armour.
((You are amphibious.))
You can wear up to eight rings at the same time.
((Your skin changes colour to match your surroundings (Stealth+).))
((Your rubbery body absorbs attacks. (AC +1, EV +1)))
((You are camouflaged near water. (Stealth+)))
((You have tentacles for arms and can constrict up to eight enemies at once.))


Message History

The ball python is attracted toward you.
The ball python hisses angrily.
You hit the ball python.
The ball python is heavily wounded.
The hound bites you but does no damage.
The ball python bites you but does no damage.
The ball python grabs you. The ball python constricts you.
You barely miss the ball python.
The ball python is moderately wounded.
The hound bites you but does no damage.
The ball python bites you but does no damage.
The ball python constricts you.
You closely miss the ball python.
The ball python is moderately wounded.
The hound bites you but does no damage.
You hit the ball python.
You kill the ball python!
Vehumet accepts your kill. The hound bites you but does no damage.
Unknown command.
You barely miss the hound.
The hound is severely wounded.
The hound bites you.
The orc priest calls down the wrath of Beogh upon you.
Beogh smites you!
* * * LOW HITPOINT WARNING * * *
Unknown command.
Okay, then.
You miss the hound.
The hound is severely wounded.
The hound bites you but does no damage.
You hit the hound.
The hound is severely wounded.
The hound bites you but does no damage.
You hit the hound but do no damage.
The hound is severely wounded.
The hound bites you but does no damage.
The orc priest mumbles some strange prayers to Beogh against you.
Beogh smites you!
You die...

.......##... ... ...♣#
(.÷....#♣.♣.♣ ♣.♣.....##
.g.........!...........#
.......#♣.♣.♣.♣)♣.......
.......# ....(......#
........♣.♣.♣.♣.♣......
..............oo......#
.......#♣#♣#♣#♣h♣)######
######## ##♣)##.... ....
####...#.#.##........ ##
#....................
......##.......##........
....####.......##.......†
.^.......................
.........................
...........######........
...........#####..#......


You could see a hound (weak-willed), an orc priest (weak-willed) and an orc
(weak-willed).

Vanquished Creatures
  An orc wizard (D:4)
  A hound skeleton (D:4)
  4 adders
  2 dart slugs
  3 orcs
  A ball python (D:4)
  7 bats (D:2)
  4 endoplasms (D:3)
  A giant cockroach (D:2)
  8 goblins
  8 hobgoblins
  A kobold (D:2)
  A quokka (D:1)
  A frilled lizard (D:2)
  2 rats (D:2)
45 creatures vanquished.

Vanquished Creatures (others)
  97 foxfires
  7 plants
104 creatures vanquished.

Grand Total: 149 creatures vanquished

Notes
Turn   | Place    | Note
-------+----------+-------------------------------------------
     0 | D:1      | Conn the Octopode Fire Elementalist began the quest for the
                  | Orb.
     0 | D:1      | Reached XP level 1. HP: 11/11 MP: 3/3
   112 | D:1      | Found a faded altar of an unknown god.
   600 | D:1      | Reached XP level 2. HP: 17/17 MP: 5/5
   933 | D:2      | Reached skill level 3 in Stealth
  1168 | D:2      | Found a radiant altar of Vehumet.
  1173 | D:2      | Became a worshipper of Vehumet
  1504 | D:2      | Reached XP level 3. HP: 21/21 MP: 1/6
  2002 | D:3      | Reached XP level 4. HP: 24/27 MP: 4/7
  2102 | D:3      | Reached * piety under Vehumet
  2102 | D:3      | Offered knowledge of Sandblast by Vehumet.
  2862 | D:4      | Reached skill level 4 in Stealth
  2862 | D:4      | Reached XP level 5. HP: 31/31 MP: 3/8
  2901 | D:4      | Killed from afar by an orc priest

Illustrated notes

Levels and vault maps discovered:
D:1:      amcnicky_arrival_blooded_trapdoor, layout_loops_corners,
          basic_ecumenical_altar, serial_bayou_lagoon_a
D:2:      layout_basic, basic_altar
D:3:      layout_basic
D:4:      layout_rooms, serial_forest, infiniplex_forest_lined_1,
          infiniplex_forest_end_double, infiniplex_forest_straight_2,
          infiniplex_forest_lined_1, infiniplex_forest_lined_room_3,
          st_stairs_8, guppyfry_early_lair_pool, uniq_grinder

Skill      XL: |  1  2  3  4 |
---------------+-------------+-----
Stealth        | 3 4 |  4.0
Fighting       | |  0.2
Short Blades   | |  0.7
Dodging        | |  2.8
Spellcasting   | |  2.7
Conjurations   | |  1.5
Fire Magic     | |  3.8

Action                   |  1- 3 |  4- 6 || total
-------------------------+-------+-------++-------
Melee: Dagger            |    42 |    23 ||    65
       Constrict         |    11 |     3 ||    14
       Tentacles         |     7 |     1 ||     8
 Cast: Foxfire           |    28 |    28 ||    56
  Use: Potion            |       |     7 ||     7
       Scroll            |       |     5 ||     5
 Stab: Sleeping          |     5 |     1 ||     6
Armor: Skin              |     1 |    44 ||    45
Dodge: Dodged            |    24 |    14 ||    38

Table legend: (Time is in decaauts)
 A = Elapsed time spent in this place.
 B = Non-inter-level travel time spent in this place.
 C = Inter-level travel time spent in this place.
 D = Time resting spent in this place.
 E = Time spent auto-exploring this place.
 F = Levels seen in this place.
 G = Mean time per level.
                   A        B        C        D        E       F      G
               +--------+--------+--------+--------+--------+-----+--------+
         Total |   2893 |   2850 |     43 |    213 |   1885 |   4 |  723.2 |
       Dungeon |   2893 |   2850 |     43 |    213 |   1885 |   4 |  723.2 |
               +--------+--------+--------+--------+--------+-----+--------+

Top non-repeatable levels by time:
     D:2: 948 daAuts
     D:1: 921 daAuts
     D:3: 867 daAuts
     D:4: 155 daAuts
